 Dungeon Crawl Stone Soup version 0.20.0-6-gd3061e9 (webtiles) character file.

686 xgamer67 the Covert (level 7, -5/32 HPs)
             Began as a Vine Stalker Earth Elementalist on May 28, 2017.
             Was an Initiate of Dithmenos.
             Slain by an orc warrior
             ... wielding a cursed -3 battleaxe
              (24 damage)
             ... on level 5 of the Dungeon.
             The game lasted 00:17:53 (4436 turns).

xgamer67 the Covert (VSEE)                          Turns: 4436, Time: 00:17:54

Health: -5/32      AC:  6    Str: 11    XL:     7   Next: 62%
Magic:  0/11       EV: 12    Int: 15    God:    Dithmenos [......]
Gold:   173        SH:  5    Dex: 16    Spells: 5/10 levels left

rFire    . . .     SeeInvis .   a - +1 short sword (speed)
rCold    . . .     Gourm    .   f - +0 buckler
rNeg     . . .     Faith    .   g - +3 leather armour
rPois    .         Spirit   +   (no helmet)
rElec    .         Reflect  .   (no cloak)
rCorr    .         Harm     .   (no gloves)
MR       .....                  (no boots)
Stlth    ++++......             (no amulet)
Regen    0.5/turn               (no ring)
MPRegen  0.2/turn               (no ring)

@: very slightly contaminated
A: fangs 2, regeneration 1, magic shield, antimagic bite, no potion heal 3, rot
immunity
a: Renounce Religion


You were on level 5 of the Dungeon.
You worshipped Dithmenos.
Dithmenos was noncommittal.
You were very hungry.

You visited 2 branches of the dungeon, and saw 7 of its levels.

You collected 173 gold pieces.

Inventory:

Hand Weapons
 a - a +1 short sword of speed (weapon)
 i - a +0 rapier
 t - a +0 blowgun
Missiles
 b - 78 stones (quivered)
 n - 29 poisoned needles
 s - 7 javelins
 w - 3 needles of confusion
Armour
 f - a +0 buckler (worn)
 g - a +3 leather armour (worn)
Wands
 A - a wand of confusion (5/48)
Scrolls
 c - a scroll of fear {unknown}
 j - 3 scrolls of remove curse
 k - a scroll of fog
 o - 3 scrolls of magic mapping
 y - 2 scrolls of teleportation
 C - a scroll of amnesia {unknown}
Potions
 p - a potion of magic {unknown}
 q - 2 potions of berserk rage
 r - 2 potions of curing
 z - 2 potions of mutation
 B - a potion of agility {unknown}
Books
 e - a book of Geomancy

   Spells                             Type                      Level
   a - Sandblast                      Earth                        1
   b - Passwall                       Transmutation/Earth          2
   c - Stone Arrow                    Conjuration/Earth            3
   d - Petrify                        Transmutation/Earth          4
   e - Lee's Rapid Deconstruction     Earth                        5
 m - a book of Minor Magic

   Spells                             Type                      Level
   a - Magic Dart                     Conjuration                  1
   b - Blink                          Translocation                2
   c - Call Imp                       Summoning                    2
   d - Slow                           Hexes                        2
   e - Conjure Flame                  Conjuration/Fire             3
   f - Mephitic Cloud                 Conjuration/Poison/Air       3
Comestibles
 d - 2 bread rations
 l - 4 fruits
 u - 2 royal jellies
 v - a meat ration


   Skills:
 - Level 1.5 Dodging
 + Level 8.1 Stealth
 + Level 4.8 Shields
 - Level 2.1 Spellcasting
 - Level 1.0 Transmutations
 - Level 3.0 Earth Magic


You had 5 spell levels left.
You knew the following spells:

 Your Spells              Type           Power        Failure   Level  Hunger
a - Sandblast             Erth           ##....       9%          1    #......
B - Blink                 Tloc           N/A          41%         2    ###....
P - Passwall              Tmut/Erth      #.........   19%         2    ###....


Dungeon Overview and Level Annotations

Branches:
Dungeon (6/15)             Temple (1/1) D:5

Altars:
Ashenzari
Cheibriados
Dithmenos
Elyvilon
Fedhas
Gozag
Hepliaklqana
Kikubaaqudgha
Makhleb
Nemelex Xobeh
Okawaru
Qazlal
Ru
Sif Muna
Trog
Uskayaw
Vehumet
Xom
Yredelemnul
Zin
The Shining One

Shops:
D:5 =

Annotations:
D:3 Sigmund


Innate Abilities, Weirdness & Mutations

You have extremely sharp teeth.
Your natural rate of healing is unusually fast.
When hurt, damage is shared between your health and your magic reserves.
Your bite disrupts and absorbs the magic of your enemies.
Potions cannot restore your health.
You are immune to rotting.


Message History

You are very lightly contaminated with residual magic.
Nothing appears to happen.
You block the orc warrior's attack.
Casting: Sandblast
Confirm with . or Enter, or press ? or * to list all spells.
Aiming: Sandblast
Press: ? - help, Shift-Dir - straight line, f/p - orc warrior
Aim: an orc warrior, wielding a battleaxe and wearing a plate armour (almost dead)
The blast of sand hits the orc warrior.
The orc warrior is almost dead.
b - 78 stones The orc warrior hits you with a battleaxe!
Casting: Sandblast
Confirm with . or Enter, or press ? or * to list all spells.
Aiming: Sandblast
Press: ? - help, Shift-Dir - straight line, f/p - orc warrior
Aim: an orc warrior, wielding a battleaxe and wearing a plate armour (almost dead)
You miscast Sandblast.
You feel earthy.
The orc warrior hits you with a battleaxe!!
Ouch! That really hurt!
You die...

#..#.# #....###
#####...####......#
##888##....##....#.# ##
#8...8##.#.##....#.### #.
#8.>.8##.#...#####...# #.
#8)..8.......#######.#### #.
##8.8#.####....># #....## #.
##....# ###....## ####..####
########..@....# ##....#
#...#o..>.# ####.#
#.#####...#### ####.. ##.#
##.....## #....# #..#
#.#.#..###.##.. #.##
#.#......#.####
#.#######.###.#....# ##
######.#.............##.# #.
#......#................###.


You could see an orc warrior.

Vanquished Creatures
  A necrophage (D:6)
  A bullfrog (D:5)
  2 big kobolds (D:5)
  A scorpion (D:4)
  An orc wizard (D:5)
  A hound (D:5)
  A jelly (D:5)
  Jessica (D:2)
  A worker ant (D:5)
  A hound zombie (D:5)
  A worker ant zombie (D:5)
  2 gnolls (D:3)
  6 adders
  A shadow imp (D:5)
  2 worms
  3 dart slugs
  5 leopard geckos
  11 orcs
  3 giant cockroaches
  8 hobgoblins
  2 jackals (D:5)
  2 quokkas
  9 bats
  7 frilled lizards
  7 goblins
  16 kobolds
  7 rats
103 creatures vanquished.

Notes
Turn   | Place    | Note
-------+----------+-------------------------------------------
     0 | D:1      | xgamer67 the Vine Stalker Earth Elementalist began the quest for the Orb.
     0 | D:1      | Reached XP level 1. HP: 9/9 MP: 4/4
    49 | D:1      | Reached skill level 3 in Stealth
   417 | D:1      | Reached XP level 2. HP: 7/13 MP: 6/6
   652 | D:1      | Learned a level 2 spell: Passwall
   694 | D:1      | Reached skill level 4 in Stealth
   861 | D:1      | Reached XP level 3. HP: 13/16 MP: 7/7
   990 | D:1      | Reached skill level 1 in Shields
  1029 | D:2      | Noticed Jessica
  1258 | D:2      | Killed Jessica
  1258 | D:2      | Gained mutation: Your natural rate of healing is unusually fast. [Vine Stalker growth]
  1258 | D:2      | Reached XP level 4. HP: 19/21 MP: 3/8
  1269 | D:2      | Learned a level 2 spell: Blink
  1403 | D:2      | Reached skill level 5 in Stealth
  1759 | D:2      | Reached XP level 5. HP: 23/24 MP: 9/9
  2359 | D:3      | Noticed Sigmund
  3283 | D:5      | Entered Level 5 of the Dungeon
  3315 | D:4      | HP: 1/24 [poisoned by a scorpion]
  3320 | D:4      | HP: 1/24 [poisoned by a scorpion]
  3325 | D:4      | HP: 1/24 [poisoned by a scorpion]
  3406 | D:4      | Reached skill level 6 in Stealth
  3476 | D:5      | Reached XP level 6. HP: 17/28 MP: 3/10
  3511 | D:5      | Found a basalt altar of Yredelemnul.
  3751 | D:5      | Found Ymohat's Jewellery Shoppe.
  3788 | D:5      | Reached skill level 7 in Stealth
  3792 | D:5      | Reached XP level 7. HP: 29/32 MP: 7/11
  4007 | D:5      | Found a staircase to the Ecumenical Temple.
  4015 | Temple   | Entered the Ecumenical Temple
  4166 | Temple   | Became a worshipper of Dithmenos the Shadowed
  4384 | D:6      | Reached skill level 8 in Stealth
  4436 | D:5      | Slain by an orc warrior

Skill      XL: |  1  2  3  4  5  6  7 |
---------------+----------------------+-----
Stealth        | 3 4 5 6 7 8 |  8.1
Shields        | 1 2 3 4 |  4.8
Dodging        | |  1.5
Spellcasting   | |  2.1
Transmutations | |  1.0
Earth Magic    | |  3.0

Action                   |  1- 3 |  4- 6 |  7- 9 || total
-------------------------+-------+-------+-------++-------
Melee: Unarmed           |    17 |       |       ||    17
       Bite              |    24 |    58 |    30 ||   112
       Short sword       |    13 |       |    66 ||    79
       Dagger            |    63 |   222 |       ||   285
Throw: Stone             |       |     6 |       ||     6
 Cast: Sandblast         |     5 |    59 |    15 ||    79
Evoke: Wand              |       |     6 |     3 ||     9
  Use: Scroll            |       |    11 |       ||    11
 Stab: Sleeping          |     7 |    11 |     4 ||    22
       Confused          |       |       |     2 ||     2
  Eat: Chunk             |     1 |     9 |     2 ||    12
Armor: Robe              |     5 |       |       ||     5
       Leather armour    |    13 |    41 |     4 ||    58
Dodge: Dodged            |    58 |   114 |    36 ||   208
Block: Buckler           |     9 |    52 |    16 ||    77
